 Dungeon Crawl Stone Soup version 0.20.1-1-g8b1a95d (webtiles) character file.

181 Iscandelvey the Skirmisher (level 5, -1/47 HPs)
             Began as a Hill Orc Fighter on Dec 26, 2017.
             Slain by Sigmund
             ... wielding a +3 scythe of venom
              (12 damage)
             ... on level 3 of the Dungeon.
             The game lasted 00:07:49 (2452 turns).

Iscandelvey the Skirmisher (Hill Orc Fighter)       Turns: 2452, Time: 00:07:50

Health: -1/47      AC:  8    Str: 19    XL:     5   Next: 61%
Magic:  5/5        EV:  7    Int:  8    God:
Gold:   159        SH:  9    Dex: 11    Spells: 4/4 levels left

rFire    . . .     SeeInvis .   a - +0 war axe
rCold    . . .     Gourm    .   c - +0 shield
rNeg     . . .     Faith    .   b - +0 scale mail
rPois    .         Spirit   .   p - +0 helmet
rElec    .         Reflect  .   (no cloak)
rCorr    .         Harm     .   (no gloves)
MR       .....                  (no boots)
Stlth    ..........             k - amulet of magic regeneration (curse)
Regen    0.2/turn               (no ring)
MPRegen  0.2/turn               (no ring)

@: lethally poisoned (-1 -> -15)
A: no striking features
a: no special abilities


You were on level 3 of the Dungeon.
You were hungry.

You visited 1 branch of the dungeon, and saw 3 of its levels.

You collected 159 gold pieces.

Inventory:

Hand Weapons
 a - a +0 war axe (weapon)
Armour
 b - a +0 scale mail (worn)
 c - a +0 shield (worn)
 p - a +0 helmet (worn)
Jewellery
 k - a cursed amulet of magic regeneration (around neck)
 t - an uncursed amulet of guardian spirit {unknown}
Scrolls
 e - a scroll of enchant weapon {unknown}
 g - a scroll of fog {unknown}
 h - a scroll of blinking {unknown}
 i - 3 scrolls of amnesia {unknown}
 m - 3 scrolls of identify {unknown}
 s - a scroll of teleportation {unknown}
 u - a scroll of magic mapping {unknown}
Potions
 d - 3 potions of might
 j - a potion of lignification {unknown}
 o - 2 potions of curing {unknown}
Comestibles
 f - 5 bread rations
 l - 2 meat rations
 n - a royal jelly
 q - a chunk of flesh
 r - 11 fruits


   Skills:
 * Level 4.8 Fighting
 * Level 4.3 Axes
 * Level 4.1 Armour
 + Level 0.7 Dodging
 * Level 4.4 Shields


You had 4 spell levels left.
You didn't know any spells.

Dungeon Overview and Level Annotations

Branches:
Dungeon (3/15)

Altars:
Fedhas

Annotations:
D:3 Sigmund


Message History

The puff of flame hits you! Sigmund closely misses you.
You slash Sigmund!
Sigmund is moderately wounded.
You are feeling hungry.
You feel sick. Sigmund completely misses you.
You completely miss Sigmund.
Sigmund is moderately wounded.
You feel sick.
You barely miss Sigmund.
Sigmund is moderately wounded.
You feel sick.
Sigmund hits you with a scythe of venom.
* * * LOW HITPOINT WARNING * * *
You are lethally poisoned!
You closely miss Sigmund.
Sigmund is moderately wounded.
* * * LOW HITPOINT WARNING * * *
You feel sick.
Sigmund hits you with a scythe of venom!
You die...

#######.##.### #.#...#
#.##.# #########.##.#
#.........##)#####
#..........#.#...
###..........#.#.#######
..'.....................
.##.........#..#.#######
.##.........#..#@#
.##.........##.#@#
.##.........##...#
###.........##...# #
#.........##...# #
############.#># # #.###
# #. #


You could see Sigmund.

Vanquished Creatures
  The ghost of appiemonkey the Shield-Bearer, a weakling MiFi of Cheibriados (D:3)
  Jessica (D:3)
  A gnoll (D:1)
  2 adders (D:2)
  An ooze (D:3)
  A worm (D:2)
  5 dart slugs
  A leopard gecko (D:2)
  6 orcs (D:3)
  A giant cockroach (D:1)
  5 hobgoblins
  4 kobolds
  6 bats
  6 frilled lizards
  10 goblins
  14 rats
65 creatures vanquished.

Notes
Turn   | Place    | Note
-------+----------+-------------------------------------------
     0 | D:1      | Iscandelvey the Hill Orc Fighter began the quest for the Orb.
     0 | D:1      | Reached XP level 1. HP: 19/19 MP: 1/1
   193 | D:1      | Reached XP level 2. HP: 27/27 MP: 2/2
   615 | D:1      | Reached XP level 3. HP: 33/33 MP: 3/3
  1173 | D:2      | Reached XP level 4. HP: 36/40 MP: 4/4
  1263 | D:2      | Found a faded altar of an unknown god.
  1396 | D:2      | Found a blossoming altar of Fedhas.
  1781 | D:3      | Noticed Jessica
  1781 | D:3      | Noticed appiemonkey's ghost (weakling MiFi)
  1852 | D:3      | Killed appiemonkey's ghost
  1852 | D:3      | Reached XP level 5. HP: 29/47 MP: 5/5
  2019 | D:3      | Killed Jessica
  2437 | D:3      | Noticed Sigmund
  2452 | D:3      | Slain by Sigmund

Skill      XL: |  1  2  3  4 |
---------------+-------------+-----
Fighting       | 4 |  4.8
Axes           | 3 4 |  4.3
Shields        | 4 |  4.4
Armour         | 4 |  4.1
Dodging        | |  0.7

Action                   |  1- 3 |  4- 6 || total
-------------------------+-------+-------++-------
Melee: War axe           |   105 |   113 ||   218
  Eat: Chunk             |     1 |     4 ||     5
Armor: Scale mail        |    45 |    69 ||   114
Dodge: Dodged            |    31 |    42 ||    73
Block: Shield            |    52 |    69 ||   121
